 Dungeon Crawl Stone Soup version 0.30-a0-116-g3b1a8e4ee4 (webtiles) character file.

Game seed: 16133308367961232409

763 erik8world the Ruffian (level 7, -1/67 HPs)
             Began as a Troll Berserker on Sept 12, 2022.
             Was a Priest of Trog.
             Slain by Duvessa
             ... wielding a +0 rapier
              (9 damage)
             ... on level 4 of the Dungeon.
             The game lasted 00:14:35 (2823 turns).

erik8world the Ruffian (Troll Berserker)            Turns: 2823, Time: 00:14:35

Health: -1/67      AC:  7    Str: 28    XL:     7   Next: 51%
Magic:  6/6        EV: 10    Int:  3    God:    Trog [***...]
Gold:   163        SH:  0    Dex:  9    Spells: 6/6 levels left

rFire   . . .      SeeInvis .      - Unarmed
rCold   . . .      Faith    .    (no shield)
rNeg    . . .      Spirit   .    x - +2 robe {Will+}
rPois   .          Reflect  .    (helmet restricted)
rElec   .          Harm     .    p - +0 cloak
rCorr   .          Rampage  .    (gloves unavailable)
Will    +++..                    (boots unavailable)
Stlth   +.........               (no amulet)
HPRegen 2.01/turn                (no ring)
MPRegen 0.10/turn                (no ring)

@: lit by a corona, strong-willed, on berserk cooldown, regenerating, slowed,
glowing, very slow
A: large, unfitting armour, claws 3, regeneration 1, shaggy fur 1, tough skin 1
a: Renounce Religion, Berserk, Trog's Hand


You were on level 4 of the Dungeon.
You worshipped Trog.
Trog was most pleased with you.
You visited 1 branch of the dungeon, and saw 4 of its levels.
You also visited: Sewer.

You collected 163 gold pieces.

Inventory:

Hand Weapons
 n - the +6 dagger of Armageddon {pain, Will++ Str-5 Dex+5}
   (You found it on level 2 of the Dungeon)

   In the hands of one skilled in necromantic magic, it inflicts extra damage on
   living creatures.
   Str:       It affects your strength (-5).
   Dex:       It affects your dexterity (+5).
   Will:      It greatly increases your willpower.
   Trog disapproves of the use of such an item.
Missiles
 s - a curare-tipped dart (quivered)
Armour
 a - a +0 animal skin
 j - an orb of guile
 p - a +0 cloak (worn)
 x - a +2 robe of willpower (worn)
Magical Staves
 l - a staff of poison
Jewellery
 o - an amulet of magic regeneration
 z - a +6 ring of intelligence
Wands
 y - a wand of mindburst (17)
Scrolls
 c - 5 scrolls of teleportation {unknown}
 e - 8 scrolls of identify {unknown}
 h - 4 scrolls of enchant weapon {unknown}
 k - 2 scrolls of brand weapon {unknown}
 m - a scroll of poison {unknown}
 v - a scroll of blinking {unknown}
 w - a scroll of silence {unknown}
 B - 2 scrolls of vulnerability {unknown}
 C - a scroll of enchant armour {unknown}
Potions
 b - 3 potions of curing {unknown}
 d - a potion of heal wounds {unknown}
 f - a potion of berserk rage {unknown}
 g - a potion of flight {unknown}
 i - 3 potions of magic {unknown}
 q - 2 potions of mutation {unknown}
 r - a potion of might {unknown}
 t - a potion of invisibility
 u - 3 potions of haste {unknown}
 A - a potion of brilliance {unknown}


   Skills:
 * Level 3.5 Fighting
 * Level 3.9 Dodging
 + Level 0.1 Stealth
 * Level 7.4 Unarmed Combat


You had 6 spell levels left.
You didn't know any spells.
Your spell library was empty.

Dungeon Overview and Level Annotations

Branches:
Dungeon (4/15)              Sewer (visited)
 Temple: D:4-7

Altars:

Shops:
D:3 *

Annotations:
D:4 Dowan, Duvessa


Innate Abilities, Weirdness & Mutations

You are too large for most types of armour.
You have claws for hands.
Your natural rate of healing is unusually fast.
You are covered in fur. (AC +1)
You have tough skin. (AC +1)


Message History

The puff of flame hits you.
You scratch Duvessa.
Duvessa is severely wounded.
Duvessa hits you with a +0 rapier!
Dowan gestures at Duvessa while chanting.
Duvessa seems to speed up.
Duvessa attacks as you move away! Duvessa hits you with a +0 rapier! x2
* * * LOW HITPOINT WARNING * * *
You scratch Duvessa.
Duvessa is severely wounded.
Duvessa hits you but does no damage.
Dowan points at you and mumbles some strange words.
The puff of frost hits you!
* * * LOW HITPOINT WARNING * * *
You barely miss Duvessa.
Duvessa is severely wounded.
Duvessa hits you with a +0 rapier.
* * * LOW HITPOINT WARNING * * *
Duvessa hits you but does no damage.
Dowan points at you and mumbles some strange words.
You are outlined in light.
Your skin crawls.
You feel strong-willed.
You can no longer call in reinforcements.
Duvessa hits you with a +0 rapier.
* * * LOW HITPOINT WARNING * * *
Duvessa closely misses you.
Dowan hits you with a +2 dagger of freezing.
* * * LOW HITPOINT WARNING * * *
Dowan freezes you.
* * * LOW HITPOINT WARNING * * *
Duvessa barely misses you.
You scratch Duvessa but do no damage.
Duvessa is severely wounded.
Duvessa closely misses you. Dowan barely misses you.
Unknown command.
You scratch Duvessa but do no damage.
Duvessa is severely wounded.
Duvessa hits you with a +0 rapier!
You die...

...........# ##......#
###........######
########......#
#........##...###.............#
#........##.....#.............#
#........##.....#.........###.#
#........'))....#.....)...#...#
#........##)...!#########....##
#........##.........# ###.##
#........##...@e....# #.#
###########...e.....# ##.###
#...........# #....#
#.#.........# ##.<...
.............# #.))...
......###.....# #...... ......
....## #...... ..<.. ....#
#....## .... ....# #).....


You could see Duvessa (fast) and Dowan.

Vanquished Creatures
  A black bear (D:4)
  An ogre (D:4)
  A kobold brigand (Sewer)
  A scorpion (D:4)
  3 hounds (D:4)
  Ijyb (D:4)
  2 iguanas (D:4)
  2 orc wizards (D:4)
  8 river rats
  7 adders
  A worm (D:4)
  A dart slug (D:3)
  7 orcs
  11 ball pythons
  5 bats
  5 endoplasms
  5 giant cockroaches
  8 goblins
  4 hobgoblins
  20 kobolds
  A quokka (D:1)
  4 frilled lizards
  23 rats
122 creatures vanquished.

Vanquished Creatures (others)
  3 plants (D:3)
3 creatures vanquished.

Grand Total: 125 creatures vanquished

Notes
Turn   | Place    | Note
-------+----------+-------------------------------------------
     0 | D:1      | erik8world the Troll Berserker began the quest for the Orb.
     0 | D:1      | Reached XP level 1. HP: 22/22 MP: 0/0
   144 | D:1      | Reached XP level 2. HP: 25/29 MP: 1/1
   815 | D:2      | Reached XP level 3. HP: 36/36 MP: 2/2
   906 | D:2      | Identified the +6 dagger of Armageddon {pain, Will++ Str-5
                  | Dex+5}
  1124 | D:2      | Reached ** piety under Trog
  1329 | D:3      | Reached XP level 4. HP: 44/44 MP: 3/3
  1340 | D:3      | Found a faded altar of an unknown god.
  1518 | D:3      | Reached skill level 4 in Unarmed Combat
  1539 | D:3      | Found a glowing drain.
  1587 | Sewer    | Entered a sewer
  1711 | Sewer    | Reached XP level 5. HP: 41/52 MP: 4/4
  1837 | Sewer    | Reached *** piety under Trog
  1854 | Sewer    | Reached skill level 5 in Unarmed Combat
  1942 | Sewer    | Reached XP level 6. HP: 61/61 MP: 5/5
  2260 | D:3      | Found Qucsizea's Assorted Antiques.
  2510 | D:4      | Noticed Ijyb
  2521 | D:4      | Killed Ijyb
  2545 | D:4      | Reached skill level 6 in Unarmed Combat
  2685 | D:4      | Reached XP level 7. HP: 59/67 MP: 6/6
  2793 | D:4      | Reached skill level 7 in Unarmed Combat
  2796 | D:4      | Reached **** piety under Trog
  2809 | D:4      | Noticed Duvessa
  2813 | D:4      | Noticed Dowan
  2821 | D:4      | HP: 3/67 [Dowan/+2 dagger of freezing (2)]
  2823 | D:4      | Slain by Duvessa

Illustrated notes

Levels and vault maps discovered:
D:1:      minmay_arrival_pointy, layout_loops_ring, minivault_23,
          minmay_split_cup_small
D:2:      layout_basic, serial_glass, glass_columns_b, glass_columns_a,
          glass_columns_b, glass_columns_b, glass_columns_b, glass_columns_a,
          glass_columns_b, glass_columns_a, glass_columns_a, glass_columns_a,
          glass_columns_a, glass_columns_a, glass_columns_a, glass_columns_a
D:3:      layout_basic, portal_sewer_entry_b, serial_shops,
          nicolae_shop_overgrown_old_shop, dreamdust_ecumenical_altar_statues
D:4:      layout_basic, uniq_duvessa, uniq_ijyb, uniq_crazy_yiuf_cottage

Skill      XL: |  1  2  3  4  5  6  7 |
---------------+----------------------+-----
Dodging        | 3 |  3.9
Unarmed Combat | 4 5 6 7 |  7.4
Fighting       | 3 |  3.5
Stealth        | |  0.1

Action                   |  1- 3 |  4- 6 |  7- 9 || total
-------------------------+-------+-------+-------++-------
Melee: Unarmed           |    81 |   183 |    45 ||   309
       Punch             |       |     5 |     1 ||     6
Invok: Berserk           |       |       |     1 ||     1
       Trog's Hand       |       |       |     1 ||     1
Armor: Animal skin       |    33 |    49 |       ||    82
       Robe              |       |    18 |    10 ||    28
Dodge: Dodged            |    50 |    88 |    19 ||   157

Table legend: (Time is in decaauts)
 A = Elapsed time spent in this place.
 B = Non-inter-level travel time spent in this place.
 C = Inter-level travel time spent in this place.
 D = Time resting spent in this place.
 E = Time spent auto-exploring this place.
 F = Levels seen in this place.
 G = Mean time per level.
                   A        B        C        D        E       F      G
               +--------+--------+--------+--------+--------+-----+--------+
         Total |   2819 |   2819 |      0 |      0 |   1698 |   5 |  563.8 |
       Dungeon |   2199 |   2199 |      0 |      0 |   1371 |   4 |  549.8 |
         Sewer |    620 |    620 |      0 |      0 |    327 |   1 |  620.0 |
               +--------+--------+--------+--------+--------+-----+--------+

Top non-repeatable levels by time:
     D:1: 750 daAuts
   Sewer: 620 daAuts
     D:2: 561 daAuts
     D:3: 513 daAuts
     D:4: 374 daAuts
